 Dungeon Crawl Stone Soup version 0.30-a0-989-g0d87f670db (webtiles) character file.

Game seed: 9237892888956064400

323 retardedninja the Chopper (level 6, 0/57 HPs)
             Began as a Naga Fighter on Apr 3, 2023.
             Was an Initiate of Hepliaklqana.
             Slain by a gnoll
             ... wielding a +0 halberd
             ... led by a gnoll sergeant
              (1 damage)
             ... on level 5 of the Dungeon.
             The game lasted 00:04:37 (3226 turns).

retardedninja the Chopper (Naga Fighter)            Turns: 3226, Time: 00:04:38

Health: 0/57       AC:  8    Str: 21    XL:     6   Next: 47%
Magic:  6/6        EV:  3    Int:  8    God:    Hepliaklqana [......]
Gold:   233        SH:  4    Dex: 10    Spells: 5/5 levels left

rFire   . . .      SeeInvis +    a - +0 war axe
rCold   . . .      Faith    .    c - +0 buckler
rNeg    . . .      Spirit   .    r - +0 plate armour
rPois   +          Reflect  .    (no helmet)
rElec   .          Rampage  .    (no cloak)
rCorr   .                        (no gloves)
Will    .....                    (no barding) Stlth
                                 (no amulet)
HPRegen 0.29/turn                (no ring)
MPRegen 0.10/turn                (no ring)

@: brilliant, short of breath, very slow
A: AC +2, large, see invisible, deformed body, poison resistance, slowness 2,
spit poison 1, naga tail 1
a: Spit Poison, Renounce Religion


You were on level 5 of the Dungeon.
You worshipped Hepliaklqana.
Hepliaklqana was noncommittal.
You visited 2 branches of the dungeon, and saw 6 of its levels.

You collected 233 gold pieces.

Inventory:

Hand Weapons
 a - a +0 war axe (weapon)
Missiles
 o - 2 silver javelins
Armour
 c - a +0 buckler (worn)
 p - the +4 crystal plate armour of the Game Afoot {rF+ Str-3 Int+3 SInv}
   (You found it on level 2 of the Dungeon)

   Str:       It affects your strength (-3).
   Int:       It affects your intelligence (+3).
   rF:        It protects you from fire.
   SInv:      It lets you see invisible.
 r - a +0 plate armour (worn)
Jewellery
 b - a ring of resist corrosion
Wands
 t - a wand of paralysis (6)
Scrolls
 e - 7 scrolls of identify {unknown}
 f - a scroll of torment {unknown}
 h - a scroll of blinking {unknown}
 l - a scroll of enchant armour {unknown}
 m - 5 scrolls of teleportation {unknown}
 s - a scroll of poison {unknown}
Potions
 d - a potion of might
 g - 2 potions of lignification {unknown}
 i - a potion of brilliance
 j - 2 potions of mutation {unknown}
 k - 2 potions of degeneration {unknown}
 n - 2 potions of cancellation {unknown}
 q - 2 potions of curing {unknown}
 u - a potion of resistance {unknown}


   Skills:
 + Level 4.1 Fighting
 * Level 4.4 Axes
 + Level 3.3 Armour
 + Level 3.7 Shields


You had 5 spell levels left.
You didn't know any spells.
Your spell library contained the following spells:

 Spells                   Type           Power      Damage    Failure   Level
 Necrotise                Necr           0%         1d4       100%        1
 Vampiric Draining        Necr           0%         2d6       100%        3
 Agony                    Necr           0%         N/A       100%        5


Dungeon Overview and Level Annotations

Branches:
Dungeon (5/15)             Temple (1/1) D:4

Altars:
Ashenzari
Cheibriados
Gozag
Hepliaklqana
Kikubaaqudgha
Makhleb
Nemelex Xobeh
Okawaru
Qazlal
Uskayaw
Vehumet
Wu Jian
Xom
Yredelemnul

Shops:
D:4 (

Annotations:
D:4 3 runed translucent doors, abessonov's ghost, amateur DjTm


Innate Abilities, Weirdness & Mutations

Your serpentine skin is tough. (AC +2)
You have supernaturally acute eyesight. (SInv)
Armour fits poorly on your strangely shaped body.
Your system is resistant to poisons. (rPois)
You cover ground very slowly.
You can spit poison.
You have a snake-like lower body.


Message History

The gnoll sergeant shouts!
The gnoll shouts!
Aiming: Spit Poison (1% risk of failure)
Press: ? - help, Q - select action, (/) - cycle Shift-Dir - straight line, f - gnoll sergeant
Aim: a gnoll sergeant, wielding a +0 trident, wearing a +0 ring mail and wearing a +0 buckler (70% to hit)
The gnoll sergeant blocks the splash of poison.
A gnoll comes into view. It is wielding a +0 halberd.
The gnoll shouts!
The gnoll sergeant hits you but does no damage.
The gnoll completely misses you. The gnoll attacks as you move away!
The gnoll hits you with a +0 whip.
You have got your breath back.
The gnoll sergeant hits you from afar with a +0 trident!
The gnoll attacks as you move away! The gnoll barely misses you.
The gnoll sergeant hits you from afar with a +0 trident.
The gnoll hits you with a +0 whip.
The gnoll hits you from afar with a +0 halberd!
The gnoll attacks as you move away! The gnoll hits you with a +0 whip.
Aiming: Paralyse
Press: ? - help, Q - select action, (/) - cycle Shift-Dir - straight line, f/p - gnoll sergeant
Aim: a gnoll sergeant, wielding a +0 trident, wearing a +0 ring mail and wearing a +0 buckler (chance to affect: 49%)
The gnoll sergeant suddenly stops moving!
The gnoll attacks as you move away! You block the gnoll's attack.
The gnoll hits you from afar with a +0 halberd.
The gnoll hits you with a +0 whip.
* * * LOW HITPOINT WARNING * * *
Aiming: Spit Poison (1% risk of failure)
Press: ? - help, Q - select action, (/) - cycle Shift-Dir - straight line, f - gnoll, p - gnoll sergeant
Aim: a gnoll, wielding a +0 whip (65% to hit)
The splash of poison hits the gnoll.
The gnoll is poisoned.
The gnoll is lightly wounded.
The gnoll hits you from afar with a +0 halberd.
* * * LOW HITPOINT WARNING * * *
It was a potion of brilliance.
You feel clever all of a sudden. The gnoll hits you with a +0 whip.
* * * LOW HITPOINT WARNING * * *
The gnoll hits you with a +0 flail!
* * * LOW HITPOINT WARNING * * *
The gnoll hits you from afar with a +0 halberd.
You die...

...............#....#..........
.............).######..........
.........###'#..........##+####
.........#...+...)......#
.........#...#......†...#
.........#...#..........####
.......g.#...#......<.......
.........#...#..g............
.........#####g.@............
...........g...g.............
....................##+##....
....................# ....
....................# ..
.........#####......#
.........# #........ .........#
#......... .....#+###
#.........


You could see a gnoll sergeant (paralysed) and 3 gnolls.

Vanquished Creatures
  2 scorpions
  A howler monkey (D:4)
  2 gnolls (D:5)
  5 adders
  A worm (D:4)
  A dart slug (D:2)
  11 orcs
  7 ball pythons
  9 endoplasms
  2 giant cockroaches (D:3)
  6 goblins
  4 hobgoblins
  3 jackals (D:1)
  11 kobolds
  3 quokkas
  8 bats
  3 frilled lizards
  7 rats
86 creatures vanquished.

Notes
Turn   | Place    | Note
-------+----------+-------------------------------------------
     0 | D:1      | retardedninja the Naga Fighter began the quest for the Orb.
     0 | D:1      | Reached XP level 1. HP: 21/21 MP: 1/1
    20 | D:1      | Found a faded altar of an unknown god.
   147 | D:1      | Reached XP level 2. HP: 28/28 MP: 2/2
   528 | D:1      | Reached XP level 3. HP: 34/34 MP: 3/3
  1177 | D:2      | Reached XP level 4. HP: 41/42 MP: 4/4
  1188 | D:2      | Identified the +4 crystal plate armour of the Game Afoot
                  | {rF+ Str-3 Int+3 SInv}
  1457 | D:3      | Found a sparkling altar of Nemelex Xobeh.
  2102 | D:4      | Found a stormy altar of Qazlal.
  2293 | D:4      | Found a runed translucent gate.
  2293 | D:4      | Found a runed translucent gate.
  2293 | D:4      | Found a runed translucent gate.
  2300 | D:4      | Noticed abessonov's ghost (amateur DjTm)
  2325 | D:4      | Reached XP level 5. HP: 49/49 MP: 5/5
  2512 | D:4      | Identified the +6 mace of Kismet {heavy, Fragile rPois
                  | rN++}
  2621 | D:4      | Found a staircase to the Ecumenical Temple.
  2632 | Temple   | Entered the Ecumenical Temple
  2822 | Temple   | Became a worshipper of Hepliaklqana the Forgotten
  2867 | D:4      | Reached XP level 6. HP: 54/57 MP: 6/6
  3024 | D:4      | Found Viunla's Antique Weapon Emporium.
  3120 | D:5      | Entered Level 5 of the Dungeon
  3226 | D:5      | HP: 1/57 [gnoll/+0 flail[a gnoll sergeant] (9)]
  3226 | D:5      | Slain by a gnoll

Illustrated notes

Levels and vault maps discovered:
D:1:      eino_arrival_druids_welcome, layout_loops_ring,
          dreamdust_ecumenical_altar_statues, st_stairs_2
D:2:      layout_basic
D:3:      layout_rooms, nemelex_xobeh_ov_fountains_minmay
D:4:      cheibrodos_quashed, layout_gridville, old_standard_altar,
          minmay_temple_entry_hall, ebering_ghost_rock_garden, serial_shops,
          shop, minmay_crossroads
D:5:      layout_gridville, uniq_grinder, uniq_sigmund
Temple:   hellmonk_temple_forest_ring

Skill      XL: |  1  2  3  4  5  6 |
---------------+-------------------+-----
Shields        | 3 |  3.7
Axes           | 3 4 |  4.4
Armour         | 3 |  3.3
Fighting       | 4 |  4.1

Action                     |  1- 3 |  4- 6 || total
---------------------------+-------+-------++-------
  Melee: War axe           |    89 |   125 ||   214
Ability: Spit Poison       |       |    17 ||    17
  Evoke: Wand              |       |     1 ||     1
    Use: Potion            |       |     1 ||     1
 Armour: Scale mail        |    47 |     4 ||    51
         Crystal plate arm |       |    62 ||    62
         Plate armour      |       |    42 ||    42
  Dodge: Dodged            |    34 |    19 ||    53
  Block: Buckler           |    14 |    30 ||    44

Table legend: (Time is in decaauts)
 A = Elapsed time spent in this place.
 B = Non-inter-level travel time spent in this place.
 C = Inter-level travel time spent in this place.
 D = Time resting spent in this place.
 E = Time spent auto-exploring this place.
 F = Levels seen in this place.
 G = Mean time per level.
                   A        B        C        D        E       F      G
               +--------+--------+--------+--------+--------+-----+--------+
         Total |   4238 |   4107 |    131 |    155 |   3220 |   6 |  706.3 |
       Dungeon |   3956 |   3867 |     89 |    155 |   3011 |   5 |  791.2 |
        Temple |    281 |    239 |     42 |      0 |    208 |   1 |  281.0 |
               +--------+--------+--------+--------+--------+-----+--------+

Top non-repeatable levels by time:
     D:4: 1092 daAuts
     D:2: 979 daAuts
     D:1: 951 daAuts
     D:3: 800 daAuts
  Temple: 281 daAuts
     D:5: 133 daAuts
